Pick #1

Connor Bedard
Pick #2

Leo Carlsson
Pick #3

Adam Fantilli
Pick #4

Matvei Michkov
Pick #5

David Reinbacher
Pick #6

William Smith
Pick #7

Zachary Benson
Pick #8

Ryan Leonard
Pick #9

Gabriel Perreault
Pick #10

Axel Sandin-Pellika
Pick #11

Daniil But
Pick #12

Dalibor Dvorsky
Pick #13

Quentin Musty
Pick #14

Brayden Yager
Pick #15

Dmitry Simashev
Pick #16

Colby Barlow
Pick #17

Andrew Cristall
Pick #18

Easton Cowan
Pick #19

Jacob Fowler
Pick #20

Oliver Moore
Pick #21

Oliver Bonk
Pick #22

Tom Willander
Pick #23

Calum Ritchie
Pick #24

Tanner Molendyk
Pick #25

Gavin Brindley
Pick #26

Nate Danielson
Pick #27

Pick #28

Pick #29

Pick #30

Pick #31

Pick #32

Pick #33

Pick #34

Pick #35

Pick #36

Pick #37

Pick #38

Pick #39

Pick #40

Pick #41

Pick #42

Pick #43

Pick #44

Pick #45

Pick #46

Pick #47

Pick #48

Pick #49

Pick #50

Pick #51

Pick #52

Pick #53

Pick #54

Pick #55

Pick #56

Pick #57

Pick #58

Pick #59

Pick #60

Pick #61

Pick #62

Pick #63

Pick #64

Pick #65

Pick #66

Pick #67

Pick #68

Pick #69

Pick #70

Pick #71

Pick #72

Pick #73

Pick #74

Pick #75

Pick #76

Pick #77

Pick #78

Pick #79

Pick #80

Pick #81

Pick #82

Pick #83

Pick #84

Pick #85

Pick #86

Pick #87

Pick #88

Pick #89

Pick #90

Pick #91

Pick #92

Pick #93

Pick #94

Pick #95

Pick #96

Pick #97

Pick #98

Pick #99

Pick #100

Pick #101

Pick #102

Pick #103

Pick #104

Pick #105

Pick #106

Pick #107

Pick #108

Pick #109

Pick #110

Pick #111

Pick #112

Pick #113

Pick #114

Pick #115

Pick #116

Pick #117

Pick #118

Pick #119

Pick #120

Pick #121

Pick #122

Pick #123

Pick #124

Pick #125

Pick #126

Pick #127

Pick #128

Pick #129

Pick #130

Full Scoreboard »»

Sabres vs Bruins

Created - March 20, 2024 at 21:14

Goals
1 2 3 T
Sabres 0 0 0 0
Bruins 3 1 0 4
Shots
1 2 3 T
Sabres 6 7 6 19
Bruins 10 6 9 25

GoalsPenalties
1st period
1. Bruins , Zach Parise 9 (Brady Skjei 29, Yegor Sharangovich 25) at 7:47
2. Bruins , Brandon Saad 16 (Trevor Zegras 36, Tom Wilson 29) at 12:05
3. Bruins , Tom Wilson 22 (Cam Fowler 41, Brady Skjei 30) at 14:24
Kaedan Korczak (BUF) for Tripping (Minor) at 17:04
2nd period
4. Bruins , Cam Fowler 10 (Brady Skjei 31, Trevor Zegras 37) at 13:05 (PP)
Arber Xhekaj (BUF) for High sticking (Minor) at 4:19
Brenden Dillon (BUF) for Interference (Minor) at 12:51
3rd period
No Goal
Brett Pesce (BOS) for Tripping (Minor) at 18:23
Goalie Stats
James Reimer (BUF), 10 saves from 14 shots - (0.714), L, 9-31-4, 33:05 minutes
Matt Murray (BUF), 11 saves from 11 shots - (1.000), 26:55 minutes
Jake Allen (BOS), 19 saves from 19 shots - (1.000), W, 10-11-1, 60:00 minutes
3 StarsOfficial
1 - Tom Wilson (BOS)
2 - Brady Skjei (BOS)
3 - Cam Fowler (BOS)
Referees : Jim Curtin and Brandon Blandina
Linesman : Michel Cormier and Kiel Murchison
Game Note
Matt Murray enters game at 13:05 of 2nd period
Finance
Level 1 -- Attendance: 5599 (93.32%) -- Ticket Income $660,682
Level 2 -- Attendance: 5000 (100.00%) -- Ticket Income $375,000
Level 3 -- Attendance: 3271 (93.46%) -- Ticket Income $157,008
Level 4 -- Attendance: 2691 (84.62%) -- Ticket Income $80,730
Luxury Box -- Attendance: 987 (98.70%) -- Ticket Income $208,257
Game was played at the TD Garden.
Total Attendance: 17548 (93.94%)
Total Ticket Income: $1,481,677
Other Income: $370,419
Total Income: $1,852,096



Team Name Goals Shots Shots Attemp Shots Blocked PIM HIT PP PK FO%
Sabres 0194196280 / 1 (0%)146%
Bruins 4255462191 / 3 (33%)054%

Sabres
Player Name POS G A P +/- PIM HIT SHT SB MP PP MP PP SHT PK MP PK SHT FO% FOT
Arber XhekajD00002111120:120:4501:0800% 0
Brenden DillonD000-1221024:070:5111:5000% 0
Brett HowdenC0000033118:480:5110:00055% 20
Colton WhiteD0000000121:120:4502:0700% 0
Corey PerryRW0000002019:410:5110:530100% 1
Jake NeighboursLW000-100113:200:0000:2600% 0
Jesper FastRW0000011021:460:4502:12050% 2
Jonathan DrouinLW0000013020:530:4501:190100% 1
Joona LuotoLW000-2020014:320:0000:0000% 0
Juraj SlafkovskyLW000000000:000:0000:0000% 0
Kaedan KorczakD000-2201115:460:0001:2200% 0
Mason AppletonC000-3010017:260:0000:00050% 6
Mason McTavishC000-2010116:010:0001:29037% 19
Nic PetanC000000000:000:0000:0000% 0
Nicklas BackstromC000-1002024:330:4502:05040% 25
Philippe MyersD000-1020223:490:5101:3100% 0
Victor SoderstromD000-2000114:510:0000:2600% 0
Zach SanfordLW0000044018:480:5100:00050% 2
Bruins
Player Name POS G A P +/- PIM HIT SHT SB MP PP MP PP SHT PK MP PK SHT FO% FOT
Alex IafalloLW0001001013:250:0000:4200% 1
Andrew MangiapaneLW0000021019:381:3600:0000% 0
Brady SkjeiD0332011121:152:0300:5500% 0
Brandon SaadLW1012003018:511:4700:0000% 1
Brett PesceD0000202117:500:0000:0000% 0
Bryan RustRW0000012020:272:2500:000100% 1
Cam FowlerD1122004220:202:0320:0000% 0
Charlie CoyleC0000012018:560:0000:54039% 23
Jamie OleksiakD0001040119:190:0001:1500% 0
Jimmy VeseyLW000000006:230:0000:000100% 1
Mark GiordanoD0001000120:342:0900:2100% 0
Nick PaulLW000001107:050:0000:4200% 0
Nicolas RoyC000000108:592:3600:00060% 10
T.J. BrodieD0000020020:412:0900:4100% 0
Tom WilsonRW1122054018:511:4700:000100% 1
Trevor ZegrasC0222001018:401:3600:00063% 24
Yegor SharangovichC0111011013:370:0000:54057% 14
Zach PariseLW1011011013:320:4900:0000% 0



Play-by-Play

1st period


0:01 of 1st period - Nicklas Backstrom wins face-off versus Charlie Coyle in neutral zone.
0:38 of 1st period - Shot by Jonathan Drouin.
0:38 of 1st period - Shot Misses the Net.
0:55 of 1st period - Icing by Brenden Dillon.
0:56 of 1st period - Jesper Fast wins face-off versus Trevor Zegras in Sabres zone.
1:08 of 1st period - Icing by T.J. Brodie.
1:09 of 1st period - Trevor Zegras wins face-off versus Brett Howden in Bruins zone.
1:36 of 1st period - Shot by Corey Perry.
1:36 of 1st period - Shot Blocked by Brett Pesce.
1:38 of 1st period - Shot by Arber Xhekaj.
1:38 of 1st period - Stopped by Jake Allen without a rebound.
1:39 of 1st period - Yegor Sharangovich wins face-off versus Mason McTavish in Bruins zone.
1:43 of 1st period - Icing by Alex Iafallo.
1:44 of 1st period - Yegor Sharangovich wins face-off versus Mason McTavish in Bruins zone.
2:10 of 1st period - Jamie Oleksiak is hit by Mason Appleton and loses puck.
2:36 of 1st period - Icing by Mason Appleton.
2:37 of 1st period - Nicolas Roy wins face-off versus Mason McTavish in Sabres zone.
3:13 of 1st period - Nick Paul is hit by Arber Xhekaj and loses puck.
3:17 of 1st period - Jimmy Vesey is hit by Arber Xhekaj and loses puck.
4:22 of 1st period - Off-side.
4:23 of 1st period - Nicklas Backstrom wins face-off versus Charlie Coyle in neutral zone.
4:34 of 1st period - Shot by Jesper Fast.
4:34 of 1st period - Stopped by Jake Allen without a rebound.
4:35 of 1st period - Nicklas Backstrom wins face-off versus Yegor Sharangovich in Bruins zone.
4:40 of 1st period - Shot by Jonathan Drouin.
4:40 of 1st period - Deflect By Nicklas Backstrom.
4:40 of 1st period - Stopped by Jake Allen without a rebound.
4:41 of 1st period - Charlie Coyle wins face-off versus Nicklas Backstrom in Bruins zone.
6:10 of 1st period - Icing by Nicklas Backstrom.
6:11 of 1st period - Trevor Zegras wins face-off versus Nicklas Backstrom in Sabres zone.
6:31 of 1st period - Shot by Brandon Saad.
6:31 of 1st period - Shot Misses the Net.
6:35 of 1st period - Shot by Brett Pesce.
6:35 of 1st period - Stopped by James Reimer without a rebound.
6:36 of 1st period - Brett Howden wins face-off versus Charlie Coyle in Sabres zone.
6:36 of 1st period - Brett Howden is hit by Jamie Oleksiak.
6:41 of 1st period - Corey Perry is hit by Bryan Rust and loses puck.
7:12 of 1st period - Shot by Charlie Coyle.
7:12 of 1st period - Shot Misses the Net.
7:43 of 1st period - Icing by Victor Soderstrom.
7:44 of 1st period - Yegor Sharangovich wins face-off versus Mason McTavish in Sabres zone.
7:47 of 1st period - Shot by Zach Parise.
7:47 of 1st period - Goal by Zach Parise - Sabres : 0 - Bruins : 1.
7:48 of 1st period - Mason McTavish wins face-off versus Trevor Zegras in neutral zone.
7:59 of 1st period - Shot by Trevor Zegras.
7:59 of 1st period - Shot Misses the Net.
8:23 of 1st period - Shot by Brandon Saad.
8:23 of 1st period - Shot Blocked by Victor Soderstrom.
9:29 of 1st period - Shot by Zach Sanford.
9:29 of 1st period - Shot Misses the Net.
9:31 of 1st period - Shot by Brett Howden.
9:31 of 1st period - Stopped by Jake Allen without a rebound.
9:32 of 1st period - Nicklas Backstrom wins face-off versus Charlie Coyle in Bruins zone.
9:32 of 1st period - Nicklas Backstrom is hit by Jamie Oleksiak.
9:34 of 1st period - Shot by Jonathan Drouin.
9:34 of 1st period - Stopped by Jake Allen with a rebound.
10:04 of 1st period - Shot by Bryan Rust.
10:04 of 1st period - Deflect By Charlie Coyle.
10:04 of 1st period - Stopped by James Reimer without a rebound.
10:05 of 1st period - Nicolas Roy wins face-off versus Brett Howden in Sabres zone.
10:10 of 1st period - Shot by Nicolas Roy.
10:10 of 1st period - Shot Misses the Net.
10:40 of 1st period - Shot by Corey Perry.
10:40 of 1st period - Stopped by Jake Allen without a rebound.
10:41 of 1st period - Trevor Zegras wins face-off versus Nicklas Backstrom in Bruins zone.
10:41 of 1st period - Trevor Zegras is hit by Jonathan Drouin.
10:47 of 1st period - Nicklas Backstrom is hit by Tom Wilson and loses puck.
11:10 of 1st period - Shot by Brandon Saad.
11:10 of 1st period - Stopped by James Reimer without a rebound.
11:11 of 1st period - Bryan Rust wins face-off versus Mason McTavish in Sabres zone.
11:14 of 1st period - Shot by Charlie Coyle.
11:14 of 1st period - Stopped by James Reimer without a rebound.
11:15 of 1st period - Brett Howden wins face-off versus Charlie Coyle in Sabres zone.
11:17 of 1st period - Icing by Arber Xhekaj.
11:18 of 1st period - Charlie Coyle wins face-off versus Brett Howden in Sabres zone.
11:18 of 1st period - Andrew Mangiapane is hit by Arber Xhekaj and loses puck.
11:39 of 1st period - Shot by Bryan Rust.
11:39 of 1st period - Deflect By Charlie Coyle.
11:39 of 1st period - Shot Blocked by Colton White.
11:41 of 1st period - Shot by Cam Fowler.
11:41 of 1st period - Stopped by James Reimer without a rebound.
11:42 of 1st period - Trevor Zegras wins face-off versus Mason Appleton in Sabres zone.
11:50 of 1st period - Icing by Jamie Oleksiak.
11:51 of 1st period - Mason Appleton wins face-off versus Brandon Saad in Bruins zone.
12:02 of 1st period - Trevor Zegras is hit by Philippe Myers and loses puck.
12:05 of 1st period - Shot by Brandon Saad.
12:05 of 1st period - Goal by Brandon Saad - Sabres : 0 - Bruins : 2.
12:06 of 1st period - Yegor Sharangovich wins face-off versus Brett Howden in neutral zone.
12:18 of 1st period - Yegor Sharangovich is hit by Arber Xhekaj and loses puck.
12:47 of 1st period - Icing by Colton White.
12:48 of 1st period - Brett Howden wins face-off versus Charlie Coyle in Sabres zone.
12:53 of 1st period - Andrew Mangiapane is hit by Zach Sanford and loses puck.
13:05 of 1st period - Icing by T.J. Brodie.
13:06 of 1st period - Charlie Coyle wins face-off versus Nicklas Backstrom in Bruins zone.
13:25 of 1st period - Shot by Nicklas Backstrom.
13:25 of 1st period - Shot Misses the Net.
13:29 of 1st period - Shot by Jonathan Drouin.
13:29 of 1st period - Shot Misses the Net.
14:00 of 1st period - Icing by Brenden Dillon.
14:01 of 1st period - Trevor Zegras wins face-off versus Nicklas Backstrom in Sabres zone.
14:02 of 1st period - Shot by Brandon Saad.
14:02 of 1st period - Stopped by James Reimer without a rebound.
14:03 of 1st period - Trevor Zegras wins face-off versus Mason McTavish in Sabres zone.
14:18 of 1st period - Shot by Trevor Zegras.
14:18 of 1st period - Stopped by James Reimer with a rebound.
14:20 of 1st period - Shot by Brady Skjei.
14:20 of 1st period - Shot Misses the Net.
14:22 of 1st period - Shot by Cam Fowler.
14:22 of 1st period - Shot Blocked by Kaedan Korczak.
14:24 of 1st period - Shot by Tom Wilson.
14:24 of 1st period - Goal by Tom Wilson - Sabres : 0 - Bruins : 3.
14:25 of 1st period - Brett Howden wins face-off versus Nicolas Roy in neutral zone.
15:18 of 1st period - Off-side.
15:19 of 1st period - Mason Appleton wins face-off versus Trevor Zegras in neutral zone.
15:25 of 1st period - Icing by Brady Skjei.
15:26 of 1st period - Tom Wilson wins face-off versus Mason Appleton in Bruins zone.
17:03 of 1st period - Shot by Charlie Coyle.
17:03 of 1st period - Shot Misses the Net.
17:04 of 1st period - Minor Penalty to Kaedan Korczak for Tripping.
17:05 of 1st period - Nicolas Roy wins face-off versus Nicklas Backstrom in Sabres zone.
17:06 of 1st period - Shot by T.J. Brodie.
17:06 of 1st period - Shot Misses the Net.
17:08 of 1st period - Shot by Tom Wilson.
17:08 of 1st period - Shot Misses the Net.
17:10 of 1st period - Shot by Tom Wilson.
17:10 of 1st period - Shot Misses the Net.
18:53 of 1st period - Icing by Nicolas Roy.
18:54 of 1st period - Nicolas Roy wins face-off versus Nicklas Backstrom in Bruins zone.
18:54 of 1st period - Nicolas Roy is hit by Mason McTavish.
Goals for this period are 0 for Sabres vs 3 for Bruins.
Shots for this period are 6 for Sabres vs 10 for Bruins.

2nd period


0:01 of 2nd period - Nicklas Backstrom wins face-off versus Charlie Coyle in neutral zone.
0:04 of 2nd period - Shot by Jonathan Drouin.
0:04 of 2nd period - Stopped by Jake Allen with a rebound.
1:44 of 2nd period - Icing by Philippe Myers.
1:45 of 2nd period - Trevor Zegras wins face-off versus Nicklas Backstrom in Sabres zone.
2:42 of 2nd period - Icing by Brett Howden.
2:43 of 2nd period - Brett Howden wins face-off versus Charlie Coyle in Sabres zone.
2:57 of 2nd period - Andrew Mangiapane is hit by Arber Xhekaj and loses puck.
3:07 of 2nd period - Bryan Rust is hit by Arber Xhekaj and loses puck.
3:53 of 2nd period - Icing by Kaedan Korczak.
3:54 of 2nd period - Mason McTavish wins face-off versus Trevor Zegras in Sabres zone.
3:54 of 2nd period - Mason McTavish is hit by Tom Wilson.
4:04 of 2nd period - Shot by Kaedan Korczak.
4:04 of 2nd period - Stopped by Jake Allen without a rebound.
4:05 of 2nd period - Yegor Sharangovich wins face-off versus Mason McTavish in Bruins zone.
4:14 of 2nd period - Shot by Yegor Sharangovich.
4:14 of 2nd period - Stopped by James Reimer without a rebound.
4:15 of 2nd period - Trevor Zegras wins face-off versus Brett Howden in Sabres zone.
4:19 of 2nd period - Minor Penalty to Arber Xhekaj for High sticking.
4:20 of 2nd period - Nicklas Backstrom wins face-off versus Nicolas Roy in Sabres zone.
4:20 of 2nd period - Nicklas Backstrom is hit by Tom Wilson.
4:45 of 2nd period - Shot by Tom Wilson.
4:45 of 2nd period - Deflect By Brandon Saad.
4:45 of 2nd period - Shot Misses the Net.
6:19 of 2nd period - Trevor Zegras is hit by Arber Xhekaj and loses puck.
6:34 of 2nd period - Shot by Brett Howden.
6:34 of 2nd period - Shot Misses the Net.
6:36 of 2nd period - Shot by Zach Sanford.
6:36 of 2nd period - Stopped by Jake Allen without a rebound.
6:37 of 2nd period - Mason McTavish wins face-off versus Alex Iafallo in Bruins zone.
7:29 of 2nd period - Icing by Cam Fowler.
7:30 of 2nd period - Nicolas Roy wins face-off versus Nicklas Backstrom in Bruins zone.
8:32 of 2nd period - Bryan Rust is hit by Brett Howden.
8:44 of 2nd period - Andrew Mangiapane is hit by Zach Sanford and loses puck.
8:51 of 2nd period - Shot by Brett Howden.
8:51 of 2nd period - Stopped by Jake Allen without a rebound.
8:52 of 2nd period - Trevor Zegras wins face-off versus Mason McTavish in Bruins zone.
8:52 of 2nd period - Trevor Zegras is hit by Joona Luoto.
8:59 of 2nd period - Brett Pesce is hit by Philippe Myers.
9:25 of 2nd period - Joona Luoto is hit by Tom Wilson and loses puck.
9:34 of 2nd period - Shot by Trevor Zegras.
9:34 of 2nd period - Shot Misses the Net.
9:36 of 2nd period - Shot by Trevor Zegras.
9:36 of 2nd period - Shot Misses the Net.
9:43 of 2nd period - Icing by Mason Appleton.
9:44 of 2nd period - Mason McTavish wins face-off versus Charlie Coyle in Sabres zone.
9:44 of 2nd period - Mason McTavish is hit by Andrew Mangiapane.
9:49 of 2nd period - Mason Appleton is hit by Jamie Oleksiak and loses puck.
10:27 of 2nd period - Off-side.
10:28 of 2nd period - Brett Howden wins face-off versus Yegor Sharangovich in neutral zone.
10:28 of 2nd period - Brett Howden is hit by Yegor Sharangovich.
10:59 of 2nd period - Corey Perry is hit by Brady Skjei and loses puck.
11:04 of 2nd period - Shot by Corey Perry.
11:04 of 2nd period - Shot Misses the Net.
11:29 of 2nd period - Icing by Cam Fowler.
11:30 of 2nd period - Yegor Sharangovich wins face-off versus Mason Appleton in Bruins zone.
11:54 of 2nd period - Shot by Nicklas Backstrom.
11:54 of 2nd period - Stopped by Jake Allen with a rebound.
11:58 of 2nd period - Shot by Jake Neighbours.
11:58 of 2nd period - Stopped by Jake Allen without a rebound.
11:59 of 2nd period - Charlie Coyle wins face-off versus Mason McTavish in Bruins zone.
12:29 of 2nd period - Shot by Andrew Mangiapane.
12:29 of 2nd period - Stopped by James Reimer without a rebound.
12:30 of 2nd period - Nicklas Backstrom wins face-off versus Trevor Zegras in Sabres zone.
12:30 of 2nd period - Nicklas Backstrom is hit by Tom Wilson.
12:51 of 2nd period - Minor Penalty to Brenden Dillon for Interference.
12:52 of 2nd period - Trevor Zegras wins face-off versus Nicklas Backstrom in Sabres zone.
12:53 of 2nd period - Shot by Cam Fowler.
12:53 of 2nd period - Stopped by James Reimer without a rebound.
12:54 of 2nd period - Nicklas Backstrom wins face-off versus Trevor Zegras in Sabres zone.
13:05 of 2nd period - Shot by Cam Fowler.
13:05 of 2nd period - Goal by Cam Fowler - Sabres : 0 - Bruins : 4.
13:05 of 2nd period - Matt Murray enters game.
13:06 of 2nd period - Jimmy Vesey wins face-off versus Brett Howden in neutral zone.
14:53 of 2nd period - Icing by Brenden Dillon.
14:54 of 2nd period - Trevor Zegras wins face-off versus Nicklas Backstrom in Sabres zone.
15:38 of 2nd period - Shot by Tom Wilson.
15:38 of 2nd period - Stopped by Matt Murray without a rebound.
15:39 of 2nd period - Corey Perry wins face-off versus Yegor Sharangovich in Sabres zone.
16:38 of 2nd period - Icing by Colton White.
16:39 of 2nd period - Trevor Zegras wins face-off versus Mason McTavish in Sabres zone.
16:58 of 2nd period - Icing by Arber Xhekaj.
16:59 of 2nd period - Charlie Coyle wins face-off versus Mason McTavish in Sabres zone.
17:09 of 2nd period - Mason Appleton is hit by Andrew Mangiapane and loses puck.
18:03 of 2nd period - Cam Fowler is hit by Brenden Dillon and loses puck.
18:16 of 2nd period - Shot by Tom Wilson.
18:16 of 2nd period - Stopped by Matt Murray without a rebound.
18:17 of 2nd period - Zach Sanford wins face-off versus Yegor Sharangovich in Sabres zone.
18:17 of 2nd period - Zach Sanford is hit by Zach Parise.
18:23 of 2nd period - Alex Iafallo is hit by Brett Howden and loses puck.
18:35 of 2nd period - Off-side.
18:36 of 2nd period - Mason McTavish wins face-off versus Trevor Zegras in neutral zone.
18:52 of 2nd period - Cam Fowler is hit by Arber Xhekaj and loses puck.
19:47 of 2nd period - Shot by Jonathan Drouin.
19:47 of 2nd period - Stopped by Jake Allen with a rebound.
Goals for this period are 0 for Sabres vs 1 for Bruins.
Shots for this period are 7 for Sabres vs 6 for Bruins.

3rd period


0:01 of 3rd period - Jonathan Drouin wins face-off versus Charlie Coyle in neutral zone.
1:08 of 3rd period - Shot by Brett Howden.
1:08 of 3rd period - Shot Misses the Net.
1:10 of 3rd period - Shot by Zach Sanford.
1:10 of 3rd period - Shot Hit the Post.
1:18 of 3rd period - Shot by Corey Perry.
1:18 of 3rd period - Shot Misses the Net.
1:20 of 3rd period - Shot by Corey Perry.
1:20 of 3rd period - Shot Misses the Net.
1:22 of 3rd period - Shot by Brett Howden.
1:22 of 3rd period - Shot Misses the Net.
1:37 of 3rd period - Icing by Jamie Oleksiak.
1:38 of 3rd period - Charlie Coyle wins face-off versus Mason McTavish in Bruins zone.
1:57 of 3rd period - Shot by Trevor Zegras.
1:57 of 3rd period - Shot Blocked by Mason McTavish.
1:59 of 3rd period - Shot by Brady Skjei.
1:59 of 3rd period - Stopped by Matt Murray without a rebound.
2:00 of 3rd period - Nicklas Backstrom wins face-off versus Yegor Sharangovich in Sabres zone.
2:06 of 3rd period - Off-side.
2:07 of 3rd period - Trevor Zegras wins face-off versus Nicklas Backstrom in neutral zone.
2:44 of 3rd period - Shot by Brandon Saad.
2:44 of 3rd period - Shot Blocked by Philippe Myers.
2:46 of 3rd period - Shot by Tom Wilson.
2:46 of 3rd period - Stopped by Matt Murray without a rebound.
2:47 of 3rd period - Brett Howden wins face-off versus Yegor Sharangovich in Sabres zone.
3:11 of 3rd period - Icing by Zach Sanford.
3:12 of 3rd period - Brett Howden wins face-off versus Nicolas Roy in Sabres zone.
3:12 of 3rd period - Brett Howden is hit by Nick Paul.
3:31 of 3rd period - Shot by Nick Paul.
3:31 of 3rd period - Stopped by Matt Murray with a rebound.
3:47 of 3rd period - Shot by Nicolas Roy.
3:47 of 3rd period - Shot Misses the Net.
3:49 of 3rd period - Shot by Nicolas Roy.
3:49 of 3rd period - Shot Misses the Net.
3:51 of 3rd period - Shot by Brett Pesce.
3:51 of 3rd period - Deflect By Nicolas Roy.
3:51 of 3rd period - Stopped by Matt Murray without a rebound.
3:52 of 3rd period - Trevor Zegras wins face-off versus Nicklas Backstrom in Sabres zone.
4:03 of 3rd period - Shot by Tom Wilson.
4:03 of 3rd period - Shot Misses the Net.
4:05 of 3rd period - Shot by Cam Fowler.
4:05 of 3rd period - Stopped by Matt Murray without a rebound.
4:06 of 3rd period - Mason McTavish wins face-off versus Charlie Coyle in Sabres zone.
4:06 of 3rd period - Mason McTavish is hit by Charlie Coyle.
4:41 of 3rd period - Andrew Mangiapane is hit by Joona Luoto and loses puck.
5:29 of 3rd period - Icing by Jesper Fast.
5:30 of 3rd period - Yegor Sharangovich wins face-off versus Jesper Fast in Sabres zone.
5:39 of 3rd period - Shot by Yegor Sharangovich.
5:39 of 3rd period - Shot Misses the Net.
5:41 of 3rd period - Shot by Brett Pesce.
5:41 of 3rd period - Stopped by Matt Murray without a rebound.
5:42 of 3rd period - Nicolas Roy wins face-off versus Brett Howden in Sabres zone.
6:00 of 3rd period - Nicolas Roy is hit by Brett Howden and loses puck.
6:44 of 3rd period - Cam Fowler is hit by Zach Sanford and loses puck.
7:09 of 3rd period - Shot by Trevor Zegras.
7:09 of 3rd period - Shot Blocked by Philippe Myers.
7:15 of 3rd period - Shot by Brandon Saad.
7:15 of 3rd period - Shot Misses the Net.
7:45 of 3rd period - Shot by Andrew Mangiapane.
7:45 of 3rd period - Shot Misses the Net.
10:06 of 3rd period - Shot by Corey Perry.
10:06 of 3rd period - Shot Blocked by Cam Fowler.
10:08 of 3rd period - Shot by Zach Sanford.
10:08 of 3rd period - Stopped by Jake Allen without a rebound.
10:09 of 3rd period - Brett Howden wins face-off versus Charlie Coyle in Bruins zone.
10:26 of 3rd period - Shot by Zach Sanford.
10:26 of 3rd period - Stopped by Jake Allen without a rebound.
10:27 of 3rd period - Mason McTavish wins face-off versus Trevor Zegras in Bruins zone.
10:56 of 3rd period - Shot by Trevor Zegras.
10:56 of 3rd period - Deflect By Tom Wilson.
10:56 of 3rd period - Shot Misses the Net.
10:58 of 3rd period - Shot by Brady Skjei.
10:58 of 3rd period - Shot Misses the Net.
11:26 of 3rd period - Shot by Bryan Rust.
11:26 of 3rd period - Stopped by Matt Murray without a rebound.
11:27 of 3rd period - Brett Howden wins face-off versus Nicolas Roy in Sabres zone.
11:36 of 3rd period - Off-side.
11:37 of 3rd period - Nicklas Backstrom wins face-off versus Charlie Coyle in neutral zone.
12:16 of 3rd period - Shot by Brenden Dillon.
12:16 of 3rd period - Shot Misses the Net.
12:18 of 3rd period - Shot by Philippe Myers.
12:18 of 3rd period - Shot Misses the Net.
12:30 of 3rd period - Andrew Mangiapane is hit by Zach Sanford and loses puck.
12:37 of 3rd period - Shot by Corey Perry.
12:37 of 3rd period - Shot Blocked by Mark Giordano.
12:39 of 3rd period - Shot by Brett Howden.
12:39 of 3rd period - Shot Misses the Net.
13:49 of 3rd period - Tom Wilson is hit by Arber Xhekaj and loses puck.
14:05 of 3rd period - Tom Wilson is hit by Arber Xhekaj and loses puck.
15:39 of 3rd period - Shot by Brett Howden.
15:39 of 3rd period - Shot Blocked by Cam Fowler.
15:41 of 3rd period - Shot by Brett Howden.
15:41 of 3rd period - Shot Misses the Net.
15:43 of 3rd period - Shot by Zach Sanford.
15:43 of 3rd period - Stopped by Jake Allen without a rebound.
15:44 of 3rd period - Mason Appleton wins face-off versus Trevor Zegras in Bruins zone.
15:44 of 3rd period - Mason Appleton is hit by T.J. Brodie.
15:47 of 3rd period - Nicklas Backstrom is hit by T.J. Brodie and loses puck.
16:18 of 3rd period - Shot by Trevor Zegras.
16:18 of 3rd period - Shot Blocked by Jake Neighbours.
16:47 of 3rd period - Shot by Corey Perry.
16:47 of 3rd period - Shot Blocked by Jamie Oleksiak.
16:49 of 3rd period - Shot by Corey Perry.
16:49 of 3rd period - Shot Misses the Net.
16:56 of 3rd period - Icing by Jamie Oleksiak.
16:57 of 3rd period - Yegor Sharangovich wins face-off versus Zach Sanford in Bruins zone.
17:17 of 3rd period - Shot by Yegor Sharangovich.
17:17 of 3rd period - Shot Blocked by Arber Xhekaj.
17:19 of 3rd period - Shot by Alex Iafallo.
17:19 of 3rd period - Shot Blocked by Brett Howden.
17:21 of 3rd period - Shot by Alex Iafallo.
17:21 of 3rd period - Stopped by Matt Murray without a rebound.
17:22 of 3rd period - Charlie Coyle wins face-off versus Nicklas Backstrom in Sabres zone.
17:26 of 3rd period - Bryan Rust is hit by Brenden Dillon and loses puck.
17:42 of 3rd period - Shot by Jonathan Drouin.
17:42 of 3rd period - Shot Blocked by Brady Skjei.
17:58 of 3rd period - Shot by Bryan Rust.
17:58 of 3rd period - Stopped by Matt Murray without a rebound.
17:59 of 3rd period - Trevor Zegras wins face-off versus Brett Howden in Sabres zone.
17:59 of 3rd period - Trevor Zegras is hit by Arber Xhekaj.
18:23 of 3rd period - Minor Penalty to Brett Pesce for Tripping.
18:24 of 3rd period - Charlie Coyle wins face-off versus Brett Howden in Bruins zone.
18:40 of 3rd period - Zach Sanford is hit by Jamie Oleksiak and loses puck.
18:43 of 3rd period - Shot by Brenden Dillon.
18:43 of 3rd period - Stopped by Jake Allen without a rebound.
18:44 of 3rd period - Charlie Coyle wins face-off versus Nicklas Backstrom in Bruins zone.
18:53 of 3rd period - Charlie Coyle is hit by Jesper Fast and loses puck.
19:48 of 3rd period - Shot by Corey Perry.
19:48 of 3rd period - Stopped by Jake Allen with a rebound.
19:50 of 3rd period - Shot by Brett Howden.
19:50 of 3rd period - Stopped by Jake Allen without a rebound.
19:51 of 3rd period - Brett Howden wins face-off versus Charlie Coyle in Bruins zone.
Goals for this period are 0 for Sabres vs 0 for Bruins.
Shots for this period are 6 for Sabres vs 9 for Bruins.